 Dungeon Crawl Stone Soup version 0.28-a0-616-gdeb3d7f7b4 (webtiles) character file.

Game seed: 4396170928867819820

762 Ijustatesigmund the Shield-Bearer (level 7, 0/60 HPs)
             Began as a Gnoll Fighter on Oct 6, 2021.
             Slain by a sky beast (4 damage)
             ... on level 6 of the Dungeon.
             The game lasted 00:06:43 (3967 turns).

Ijustatesigmund the Shield-Bearer (Gnoll Fighter)   Turns: 3967, Time: 00:06:43

Health: 0/60       AC: 10    Str: 16    XL:     7   Next: 81%
Magic:  11/11      EV: 12    Int:  9    God:
Gold:   25         SH:  6    Dex: 17    Spells: 11/11 levels left

rFire   + . .      SeeInvis .   a - +1 war axe
rCold   x . .      Faith    .   c - +0 buckler
rNeg    . . .      Spirit   .   b - +1 leather armour {rF+}
rPois   .          Reflect  .   e - +1 helmet "Duor" {rElec rC- Slay+2}
rElec   +          Harm     .   k - +1 cloak
rCorr   .          Rampage  .   r - +0 pair of gloves of Nihilism {Contam Regen+ Dex+6}
Will    .....                   (no boots)
Stlth   ++........              (no amulet)
HPRegen 1.20/turn               (no ring)
MPRegen 0.12/turn               (no ring)

@: mighty, attractive, hasted, very quick
A: fangs 1, strong nose, distributed training
a: no special abilities


You were on level 6 of the Dungeon.
You visited 1 branch of the dungeon, and saw 8 of its levels.

You collected 186 gold pieces.
You spent 161 gold pieces at shops.

Inventory:

Hand Weapons
 a - a +1 war axe (weapon)
Missiles
 q - a throwing net (quivered)
Armour
 b - a +1 leather armour of fire resistance (worn)
 c - a +0 buckler (worn)
 e - the +1 helmet "Duor" (worn) {rElec rC- Slay+2}
   (You took it off Robin on level 3 of the Dungeon)

   Slay:      It affects your accuracy & damage with ranged weapons and melee
   (+2).
   rC:        It makes you vulnerable to cold.
   rElec:     It insulates you from electricity.
 k - a +1 cloak (worn)
 r - the +0 pair of gloves of Nihilism (worn) {Contam Regen+ Dex+6}
   (You bought it in a shop on level 1 of the Dungeon)

   Dex:       It affects your dexterity (+6).
   Contam:    It causes magical contamination when unequipped.
   Regen:     It increases your rate of health regeneration.
Jewellery
 g - a +6 ring of dexterity
Wands
 s - a wand of acid (6)
Scrolls
 f - 2 scrolls of amnesia
 h - a scroll of enchant weapon
 j - a scroll of vulnerability
 n - 2 scrolls of identify
 o - a scroll of teleportation
Potions
 d - a potion of might
 i - a potion of haste
 l - 3 potions of flight
 m - a potion of invisibility {unknown}
 p - a potion of attraction


   Skills:
 + Level 7.1 Fighting
 + Level 2.7 Short Blades
 + Level 2.7 Long Blades
 + Level 5.3 Axes
 + Level 2.7 Maces & Flails
 + Level 2.7 Polearms
 + Level 2.7 Staves
 + Level 2.7 Slings
 + Level 2.7 Bows
 + Level 2.7 Crossbows
 + Level 2.7 Throwing
 + Level 7.1 Armour
 + Level 2.7 Dodging
 + Level 2.7 Stealth
 + Level 7.1 Shields
 + Level 2.7 Unarmed Combat
 + Level 2.7 Spellcasting
 + Level 2.2 Conjurations
 + Level 2.2 Hexes
 + Level 2.2 Summonings
 + Level 2.2 Necromancy
 + Level 2.2 Translocations
 + Level 2.2 Transmutations
 + Level 2.2 Fire Magic
 + Level 2.2 Ice Magic
 + Level 2.2 Air Magic
 + Level 2.2 Earth Magic
 + Level 2.2 Poison Magic
 + Level 3.0 Invocations
 + Level 2.7 Evocations


You had 11 spell levels left.
You didn't know any spells.
Your spell library contained the following spells:

 Spells                   Type           Power      Damage    Failure   Level
 Foxfire                  Conj/Fire      20%        2x1d5     16%         1
 Conjure Flame            Conj/Fire      5%         6-21      41%         3
 Inner Flame              Hex/Fire       5%         N/A       41%         3
 Tukima's Dance           Hex            5%         N/A       41%         3
 Flame Wave               Conj/Fire      5%         3d4       83%         4
 Passage of Golubria      Tloc           N/A        N/A       83%         4
 Yara's Violent Unravell  Hex/Tmut       2%         3d3       99%         5


Dungeon Overview and Level Annotations

Branches:
Dungeon (8/15)
 Temple: D:4-7         Lair: D:8-11

Altars:
Fedhas
Makhleb

Shops:
D:1 [

Annotations:
D:6 Edmund


Innate Abilities, Weirdness & Mutations

You have very sharp teeth.
Your uncanny sense of smell can sniff out nearby items.
Your experience applies equally to all skills.


Message History

Found a quarterstaff.
The ogre hits you with a +0 giant club.
There is an escape hatch in the ceiling here.
You block the sky beast's attack. The ogre closely misses you.
A mysterious force pulls you upwards. The hatch slams shut behind you.
The orc wizard shouts!
The orc shouts!
You hear a shout!
The orc wizard shouts!
You slash the sky beast!
The sky beast is moderately wounded.
You barely miss the ogre. The sky beast barely misses you.
The orc wizard gestures wildly while chanting.
The orc wizard flickers and vanishes!
Deactivating autopickup; reactivate with Ctrl-A.
You block the ogre's attack.
You feel very mighty all of a sudden.
The sky beast hits you but does no damage.
You hit the sky beast.
The sky beast is heavily wounded.
You barely miss the ogre. The ogre misses you.
The sky beast flickers out of sight!
Something hits you but does no damage.
You barely miss something. You slash the ogre! Something barely misses you.
The ogre hits you with a +0 giant club!
Edmund the Younger comes into view.
He is wielding a +2 flail of protection.
You slash something! You slash the ogre! Something hits you but does no damage.
The ogre barely misses you.
A sky beast appears from thin air!
Reactivating autopickup.
The sky beast hits you but does no damage.
You closely miss the sky beast.
The sky beast is severely wounded.
You barely miss the ogre.
The ogre hits you with a +0 giant club!!
The sky beast flickers out of sight!
Deactivating autopickup; reactivate with Ctrl-A.
You block something's attack.
You feel yourself speed up.
The ogre hits you with a +0 giant club!!
* * * LOW HITPOINT WARNING * * *
Something barely misses you.
It was a potion of attraction.
You feel attractive to monsters. Something hits you.
You die...

#########
#oO@{...#
#o#####.#
.. #.. #.
# ∆ ∆


You could see an ogre, an orc wizard and an orc.

Vanquished Creatures
  Sigmund (D:2)
  Menkaure (D:4)
  An ogre (D:4)
  A gnoll sergeant (D:4)
  A jelly (D:4)
  A gnoll shaman (D:7)
  2 iguanas (D:7)
  An orc wizard (D:7)
  A killer bee zombie (D:7)
  Robin (D:3)
  9 gnolls
  2 adders
  A worm (D:2)
  5 dart slugs
  3 orcs
  5 bats
  2 endoplasms
  2 giant cockroaches (D:4)
  6 hobgoblins
  2 jackals (D:1)
  2 quokkas
  2 ball pythons
  3 frilled lizards
  20 goblins
  5 kobolds
  3 rats
83 creatures vanquished.

Notes
Turn   | Place    | Note
-------+----------+-------------------------------------------
     0 | D:1      | Ijustatesigmund the Gnoll Fighter began the quest for the
                  | Orb.
     0 | D:1      | Reached XP level 1. HP: 23/23 MP: 1/1
    78 | D:1      | Reached XP level 2. HP: 29/29 MP: 2/2
   227 | D:1      | Found Nezos's Antique Armour Shoppe.
   386 | D:1      | You fall into a shaft and drop 1 floor!
   680 | D:1      | Reached XP level 3. HP: 35/35 MP: 3/3
   913 | D:2      | Found a blossoming altar of Fedhas.
  1036 | D:2      | Reached skill level 1 in Invocations
  1181 | D:2      | Noticed Sigmund
  1197 | D:2      | Killed Sigmund
  1198 | D:2      | Reached skill level 1 in Short Blades
  1198 | D:2      | Reached skill level 1 in Long Blades
  1198 | D:2      | Reached skill level 1 in Maces & Flails
  1198 | D:2      | Reached skill level 1 in Polearms
  1198 | D:2      | Reached skill level 1 in Staves
  1198 | D:2      | Reached skill level 1 in Slings
  1198 | D:2      | Reached skill level 1 in Bows
  1198 | D:2      | Reached skill level 1 in Crossbows
  1198 | D:2      | Reached skill level 1 in Throwing
  1198 | D:2      | Reached skill level 1 in Dodging
  1198 | D:2      | Reached skill level 1 in Stealth
  1198 | D:2      | Reached skill level 1 in Unarmed Combat
  1198 | D:2      | Reached skill level 1 in Spellcasting
  1198 | D:2      | Reached skill level 1 in Conjurations
  1198 | D:2      | Reached skill level 1 in Hexes
  1198 | D:2      | Reached skill level 1 in Summonings
  1198 | D:2      | Reached skill level 1 in Necromancy
  1198 | D:2      | Reached skill level 1 in Translocations
  1198 | D:2      | Reached skill level 1 in Transmutations
  1198 | D:2      | Reached skill level 1 in Fire Magic
  1198 | D:2      | Reached skill level 1 in Ice Magic
  1198 | D:2      | Reached skill level 1 in Air Magic
  1198 | D:2      | Reached skill level 1 in Earth Magic
  1198 | D:2      | Reached skill level 1 in Poison Magic
  1198 | D:2      | Reached skill level 1 in Evocations
  1198 | D:2      | Reached XP level 4. HP: 4/41 MP: 4/6
  1198 | D:2      | Reached XP level 5. HP: 4/47 MP: 4/7
  1654 | D:3      | Identified the +1 helmet "Duor" {rElec rC- Slay+2}
  1654 | D:3      | Noticed Robin
  1844 | D:3      | Killed Robin
  1845 | D:3      | Reached XP level 6. HP: 46/53 MP: 8/8
  2132 | D:3      | Found a burning altar of Makhleb.
  2172 | D:3      | Found a blossoming altar of Fedhas.
  2523 | D:4      | Reached skill level 5 in Axes
  2784 | D:4      | Noticed Menkaure
  2791 | D:4      | Killed Menkaure
  2792 | D:4      | Reached XP level 7. HP: 29/59 MP: 10/10
  3618 | D:1      | Bought a pair of crude gloves for 161 gold pieces
  3618 | D:1      | Identified the +0 pair of gloves of Nihilism {Contam Regen+
                  | Dex+6} (You bought it in a shop on level 1 of the Dungeon)
  3742 | D:5      | Entered Level 5 of the Dungeon
  3745 | D:5      | You fall into a shaft and drop 3 floors!
  3963 | D:6      | Noticed Edmund
  3966 | D:6      | HP: 3/60 [ogre (20)]
  3967 | D:6      | Slain by a sky beast

Illustrated notes

Levels and vault maps discovered:
D:1:      psy_arrival_terrarium, layout_loops_ring, serial_shops,
          nicolae_shop_overgrown_old_shop, dk_noncrumbling_3, chequers_jeans
D:2:      layout_basic, basic_altar, uniq_sigmund
D:3:      layout_loops_ring, mainiacjoe_overflow_alcove_2,
          mainiacjoe_overflow_boulevard, amcnicky_mini_pool_small, st_stairs_6,
          uniq_robin
D:4:      layout_loops_ring, uniq_menkaure
D:5:      layout_loops_ring, fiery_altar_vehumet, mainiacjoe_overflow_chevrons,
          enter_ossuary_2
D:6:      layout_basic, amcnicky_altar_gilded, minitemple,
          minmay_temple_entry_proselytizer, grunt_ministairs_6,
          minmay_fire_ice_demons, uniq_edmund
D:7:      layout_cave_pods, uniq_pikel, uniq_duvessa
D:8:      layout_basic, mainiacjoe_overflow_two_lobes, uniq_psyche

Skill      XL: |  1  2  3  4  5  6  7 |
---------------+----------------------+-----
Invocations    | 1 2 3 |  3.0
Short Blades   | 1 2 |  2.7
Long Blades    | 1 2 |  2.7
Maces & Flails | 1 2 |  2.7
Polearms       | 1 2 |  2.7
Staves         | 1 2 |  2.7
Slings         | 1 2 |  2.7
Bows           | 1 2 |  2.7
Crossbows      | 1 2 |  2.7
Throwing       | 1 2 |  2.7
Dodging        | 1 2 |  2.7
Stealth        | 1 2 |  2.7
Unarmed Combat | 1 2 |  2.7
Spellcasting   | 1 2 |  2.7
Conjurations   | 1 2 |  2.2
Hexes          | 1 2 |  2.2
Summonings     | 1 2 |  2.2
Necromancy     | 1 2 |  2.2
Translocations | 1 2 |  2.2
Transmutations | 1 2 |  2.2
Fire Magic     | 1 2 |  2.2
Ice Magic      | 1 2 |  2.2
Air Magic      | 1 2 |  2.2
Earth Magic    | 1 2 |  2.2
Poison Magic   | 1 2 |  2.2
Evocations     | 1 2 |  2.7
Axes           | 5 |  5.3
Fighting       | 7 |  7.1
Armour         | 7 |  7.1
Shields        | 7 |  7.1

Action                   |  1- 3 |  4- 6 |  7- 9 || total
-------------------------+-------+-------+-------++-------
Melee: War axe           |    93 |    57 |    66 ||   216
       Bite              |    10 |     2 |     3 ||    15
  Use: Scroll            |     4 |     6 |     1 ||    11
       Potion            |     1 |     1 |     3 ||     5
 Stab: Sleeping          |       |       |     3 ||     3
Armor: Scale mail        |    40 |       |       ||    40
       Leather armour    |    11 |    25 |    20 ||    56
Dodge: Dodged            |    31 |    43 |    34 ||   108
Block: Buckler           |    27 |    24 |    34 ||    85

Table legend: (Time is in decaauts)
 A = Elapsed time spent in this place.
 B = Non-inter-level travel time spent in this place.
 C = Inter-level travel time spent in this place.
 D = Time resting spent in this place.
 E = Time spent auto-exploring this place.
 F = Levels seen in this place.
 G = Mean time per level.
                   A        B        C        D        E       F      G
               +--------+--------+--------+--------+--------+-----+--------+
         Total |   4028 |   3809 |    219 |    686 |   2386 |   8 |  503.5 |
       Dungeon |   4028 |   3809 |    219 |    686 |   2386 |   8 |  503.5 |
               +--------+--------+--------+--------+--------+-----+--------+

Top non-repeatable levels by time:
     D:4: 1049 daAuts
     D:2: 1008 daAuts
     D:3: 873 daAuts
     D:1: 863 daAuts
     D:7: 181 daAuts
     D:8: 39 daAuts
     D:6: 8 daAuts
     D:5: 2 daAuts
